 Dungeon Crawl Stone Soup version 0.18.1-8-gdd0e5ea (webtiles) character file.

52735 Scarto the Fighter (level 14, -4/115 HPs)
             Began as a Demonspawn Fighter on May 21, 2016.
             Was a Priest of Qazlal.
             Slain by a storm dragon simulacrum (7 damage)
             ... on level 3 of the Abyss.
             The game lasted 00:39:55 (14465 turns).

Scarto the Fighter (Demonspawn Fighter)            Turns: 14465, Time: 00:39:56

Health: -4/115     AC: 27    Str: 20    XL:     14   Next: 28%
Magic:  21/21      EV:  6    Int: 11    God:    Qazlal [***...]
Gold:   899        SH: 19    Dex: 12    Spells: 0 memorised, 13 levels left

rFire  + + +     SeeInvis +     u - +7 hand axe "Diopsog" {speed, rF+}
rCold  . . .     Gourm    .     i - +2 plate armour
rNeg   . . .     Faith    .     c - +0 shield
rPois  +         Spirit   .     J - +2 helmet
rElec  .         Dismiss  .     f - +1 cloak
rCorr  .         Reflect  +     (no gloves)
SustAt .         Harm     .     (no boots)
MR     +....                    t - +3 amulet of reflection
Stlth  ..........               y - ring of see invisible
                                o - ring of poison resistance

@: somewhat resistant to hostile enchantments, extremely unstealthy
A: hooves 2, rough black scales 1, blurry vision 1, fire resistance 2,
nightstalker 2, spiny 3
a: Upheaval, Elemental Force, Renounce Religion


You were on level 3 of the Abyss.
You worshipped Qazlal.
Qazlal was most pleased with you.
You were not hungry.

You visited 1 branch of the dungeon, and saw 14 of its levels.
You visited the Abyss 1 time.

You collected 1311 gold pieces.
You spent 412 gold pieces at shops.

Inventory:

Hand Weapons
 d - a +4 eveningstar
 u - the +7 hand axe "Diopsog" (weapon) {speed, rF+}
   (You found it on level 5 of the Dungeon)

   Attacks with this weapon are significantly faster.
   It protects you from fire.
Armour
 c - a +0 shield (worn)
 f - a +1 cloak (worn)
 i - a +2 plate armour (worn)
 J - a +2 helmet (worn)
Jewellery
 a - a +2 ring of protection
 l - an uncursed ring of sustain attributes {unknown}
 o - a ring of poison resistance (left hand)
 t - a +3 amulet of reflection (around neck)
 x - an uncursed ring of resist corrosion
 y - a ring of see invisible (right hand)
 H - an uncursed amulet of regeneration
Scrolls
 b - a scroll of identify
 h - a scroll of silence {unknown}
 k - 8 scrolls of remove curse
 m - a scroll of holy word
 C - 2 scrolls of fog
 G - a scroll of fear
Potions
 e - 3 potions of agility
 g - 4 potions of curing
 j - 2 potions of flight
 q - a potion of cure mutation
 w - a potion of haste
 B - 2 potions of brilliance
 F - 2 potions of lignification {unknown}
Comestibles
 p - 6 meat rations
 A - 9 fruits
 K - 8 bread rations


   Skills:
 + Level 12.0 Fighting
 + Level 10.9 Axes
 + Level 11.2 Armour
 + Level 11.5 Shields
 + Level 10.2 Invocations


You had 13 spell levels left.
You didn't know any spells.

Dungeon Overview and Level Annotations

Branches:
Dungeon (14/15)            Temple (0/1) D:6            Lair (0/8) D:9
    Orc (0/2) D:9
 Vaults: D:13-14

Altars:
Ashenzari
Cheibriados
Kikubaaqudgha
Pakellas
Qazlal
Vehumet
Xom
The Shining One

Shops:
D:4 (   D:5 *   D:6 *   D:9 :**}=   D:11 %

Annotations:
D:12 Maurice


Innate Abilities, Weirdness & Mutations

You have hoof-like feet.
You are partially covered in rough black scales (AC +4, Dex -1).
You are significantly more attuned to the shadows.
You are completely covered in sharp spines.
Scrolls take you a little longer to read.
Your flesh is very heat resistant.


Message History

You hit the storm dragon simulacrum but do no damage.
Your kick misses the storm dragon simulacrum.
Your plate armour prevents you from hitting the storm dragon simulacrum.
The storm dragon simulacrum bites you.
* * * LOW HITPOINT WARNING * * *
The storm dragon simulacrum freezes you!!
* * * LOW HITPOINT WARNING * * *
The storm dragon simulacrum claws you but does no damage.
You block the storm dragon simulacrum's attack.
You hit the storm dragon simulacrum. You hit the storm dragon simulacrum.
Your kick misses the storm dragon simulacrum.
You block the storm dragon simulacrum's attack.
The storm dragon simulacrum closely misses you.
The storm dragon simulacrum tramples you but does no damage.
You hit the storm dragon simulacrum.
You kick the storm dragon simulacrum, but do no damage.
You hit the storm dragon simulacrum. You kick the storm dragon simulacrum.
The storm dragon simulacrum bites you!
You die...

# ##. .≈
#. ###
#.##.##.#
.≈...Z@.#
#.##.##)#
#. #.# .≈
##.# ###
##


You could see a storm dragon simulacrum.

Vanquished Creatures
  A tentacled starspawn (Abyss:3)
  Kirke (D:13)
  Maud (D:13)
  Azrael (D:13)
  Snorg (D:14)
  Josephine (D:11)
  A great orb of eyes (Abyss:3)
  The ghost of Kite the Cleaver, a journeyman MiBe of Trog (D:10)
  A hydra (D:13)
  Harold (D:11)
  Erolcha (D:8)
  A death knight (D:14)
  A centaur warrior (D:13)
  2 tengu warriors
  Urug (D:13)
  A large abomination (Abyss:3)
  2 unseen horrors (D:13)
  3 hill giants
  10 ugly things (D:14)
  2 cyclopes
  A deep elf mage (D:12)
  A moth of wrath (shapeshifter) (Abyss:3)
  A worldbinder (Abyss:3)
  3 gargoyles
  An orange demon (Abyss:3)
  6 centaur skeletons
  4 freezing wraiths
  A yaktaur (D:14)
  An efreet (Abyss:3)
  3 komodo dragons
  The ghost of ThereIsNoGod the Covert, a novice OpAs of Pakellas (D:6)
  The ghost of ThereIsNoGod the Covert, a novice OpAs (D:3)
  A tengu conjurer (D:14)
  3 two-headed ogres
  2 slime creatures (D:12)
  A small abomination (Abyss:3)
  6 wraiths (D:11)
  A shadow (D:12)
  12 yaks
  A wyvern (D:10)
  3 hogs (D:13)
  A chaos spawn (Abyss:3)
  A steam dragon (D:9)
  4 hippogriffs
  Menkaure (D:6)
  6 hell hounds (D:13)
  The ghost of Mefis the Magician, an amateur DEWz (D:4)
  Purgy (D:3)
  3 phantoms
  6 orc warriors
  A sky beast (shapeshifter) (D:13)
  5 ice beasts
  2 black bears
  4 ogres
  3 sky beasts
  An eye of draining (D:13)
  11 centaurs
  A crocodile (D:9)
  A big kobold (D:9)
  7 giant frogs
  A wyvern zombie (D:11)
  A water moccasin zombie (D:6)
  3 scorpions
  10 killer bees (D:10)
  3 wyvern skeletons
  16 wights
  4 electric eels
  5 howler monkeys
  11 crimson imps
  2 hounds
  4 giant frog skeletons
  5 orc priests
  Crazy Yiuf (D:5)
  A gnoll shaman (D:9)
  Natasha (D:2)
  9 iguanas
  9 orc wizards
  14 worker ants
  2 sheep (D:12)
  A killer bee zombie (D:9)
  3 hound skeletons
  10 gnolls
  17 adders
  7 shadow imps
  2 oozes
  An adder skeleton (D:4)
  4 worms
  4 dart slugs
  3 giant geckos
  40 orcs
  5 giant cockroaches
  5 goblins
  4 hobgoblins
  8 jackals
  18 kobolds
  2 quokkas
  4 ball pythons
  9 bats
  5 giant newts
  5 rats
407 creatures vanquished.

Vanquished Creatures (others)
  A human (D:14)
  A centaur (D:14)
  A plant (D:11)
3 creatures vanquished.

Grand Total: 410 creatures vanquished

Notes
Turn   | Place    | Note
--------------------------------------------------------------
     0 | D:1      | Scarto the Demonspawn Fighter began the quest for the Orb.
     0 | D:1      | Reached XP level 1. HP: 18/18 MP: 1/1
   210 | D:1      | Gained mutation: You are partially covered in sharp spines. [demonic ancestry]
   210 | D:1      | Reached XP level 2. HP: 14/24 MP: 2/2
   626 | D:2      | Reached XP level 3. HP: 29/29 MP: 3/3
  1035 | D:2      | Gained mutation: You are slightly more attuned to the shadows. [demonic ancestry]
  1035 | D:2      | Reached XP level 4. HP: 32/35 MP: 4/4
  1061 | D:2      | Found a glowing golden altar of the Shining One.
  1170 | D:2      | Noticed Natasha
  1176 | D:2      | Killed Natasha
  1388 | D:3      | Gained mutation: Scrolls take you a little longer to read. [potion of mutation]
  1388 | D:3      | Gained mutation: Your mind is acute. (Int +2) [potion of mutation]
  1388 | D:3      | Gained mutation: Your body sometimes deteriorates upon taking damage. [potion of mutation]
  1447 | D:3      | Reached skill level 4 in Fighting
  1447 | D:3      | Gained mutation: You are mostly covered in sharp spines. [demonic ancestry]
  1447 | D:3      | Reached XP level 5. HP: 32/42 MP: 5/5
  1449 | D:3      | Found a shattered altar of Ashenzari.
  1450 | D:3      | Noticed ThereIsNoGod's ghost (novice OpAs)
  1462 | D:3      | Killed ThereIsNoGod's ghost
  1462 | D:3      | Gained mutation: You are partially covered in rough black scales (AC +4, Dex -1). [demonic ancestry]
  1462 | D:3      | Reached XP level 6. HP: 26/49 MP: 6/6
  1877 | D:3      | Noticed Purgy
  1879 | D:3      | Gained mutation: You evolve. [potion of mutation]
  1879 | D:3      | Gained mutation: Your flesh is heat resistant. [potion of mutation]
  1879 | D:3      | Lost mutation: Your mind is acute. (Int +2) [potion of mutation]
  1883 | D:3      | Killed Purgy
  1883 | D:3      | Gained mutation: You have large cloven feet. [demonic ancestry]
  1883 | D:3      | Reached XP level 7. HP: 47/55 MP: 7/7
  1924 | D:3      | Reached skill level 5 in Fighting
  2228 | D:4      | Found Kigi's Antique Weapon Boutique.
  2272 | D:4      | Found a stormy altar of Qazlal.
  2281 | D:4      | Became a worshipper of Qazlal Stormbringer
  2367 | D:4      | Found an ancient bone altar of Kikubaaqudgha.
  2369 | D:4      | Noticed Mefis's ghost (amateur DEWz)
  2369 | D:4      | Found an oddly glowing altar of Pakellas.
  2375 | D:4      | Killed Mefis's ghost
  2376 | D:4      | Found a snail-covered altar of Cheibriados.
  2494 | D:4      | Reached skill level 5 in Shields
  2628 | D:4      | Found a radiant altar of Vehumet.
  2633 | D:4      | Gained mutation: You are completely covered in sharp spines. [demonic ancestry]
  2633 | D:4      | Reached XP level 8. HP: 62/64 MP: 8/8
  2645 | D:4      | Reached skill level 5 in Armour
  2702 | D:5      | Entered Level 5 of the Dungeon
  2767 | D:5      | Found Fynli's Armour Shop.
  2975 | D:5      | Got a scorched hand axe
  2976 | D:5      | Identified the +7 hand axe "Diopsog" {speed, rF+} (You found it on level 5 of the Dungeon)
  3080 | D:5      | Noticed Crazy Yiuf
  3083 | D:5      | Killed Crazy Yiuf
  3497 | D:5      | Found Pawodo's General Store.
  3584 | D:6      | Noticed ThereIsNoGod's ghost (novice OpAs)
  3592 | D:6      | Reached skill level 6 in Fighting
  3601 | D:6      | Killed ThereIsNoGod's ghost
  3601 | D:6      | Reached skill level 5 in Axes
  3637 | D:6      | Found Nocaiv's Assorted Antiques.
  3641 | D:6      | Bought a scroll of identify for 50 gold pieces
  3641 | D:6      | Bought a scroll of identify for 50 gold pieces
  3641 | D:6      | Bought a potion of heal wounds for 125 gold pieces
  3655 | D:6      | Reached * piety under Qazlal
  3989 | D:6      | Noticed Menkaure
  4001 | D:6      | Killed Menkaure
  4001 | D:6      | Reached XP level 9. HP: 51/71 MP: 9/9
  4089 | D:6      | Found a staircase to the Ecumenical Temple.
  4115 | D:6      | Gained mutation: Your muscles are strong. (Str +2) [evolution]
  4155 | D:6      | Found a shimmering altar of Xom.
  4525 | D:7      | Reached skill level 7 in Fighting
  4789 | D:7      | Reached ** piety under Qazlal
  4817 | D:7      | Found a radiant altar of Vehumet.
  5463 | D:8      | Noticed Erolcha
  5484 | D:8      | Killed Erolcha
  5484 | D:8      | Reached skill level 8 in Fighting
  5484 | D:8      | Gained mutation: You have hoof-like feet. [demonic ancestry]
  5484 | D:8      | Reached XP level 10. HP: 18/80 MP: 10/10
  6567 | D:9      | Found Sixar's Gadget Boutique.
  6574 | D:9      | Found Vyclicar's Jewellery Emporium.
  6731 | D:9      | Found Ozalen's General Store.
  6755 | D:9      | Bought a scroll of enchant armour for 112 gold pieces
  6755 | D:9      | Bought a potion of heal wounds for 75 gold pieces
  6863 | D:9      | Found Kozxaem's General Store.
  6897 | D:9      | Found a staircase to the Orcish Mines.
  7009 | D:9      | Found Byporaosm's Book Emporium.
  7084 | D:9      | Reached *** piety under Qazlal
  7123 | D:9      | Found a staircase to the Lair.
  7342 | D:10     | Entered Level 10 of the Dungeon
  7451 | D:10     | Noticed a hill giant
  7463 | D:10     | Killed a hill giant
  7812 | D:10     | Reached skill level 9 in Fighting
  8020 | D:10     | Noticed a gargoyle
  8029 | D:10     | Killed a gargoyle
  8040 | D:10     | Noticed a gargoyle
  8040 | D:10     | Reached XP level 11. HP: 86/89 MP: 11/11
  8271 | D:10     | Noticed Kite's ghost (journeyman MiBe)
  8315 | D:10     | Killed Kite's ghost
  8446 | D:10     | Lost mutation: Scrolls take you a little longer to read. [evolution]
  8910 | D:11     | Reached skill level 1 in Invocations
  8948 | D:11     | Reached **** piety under Qazlal
  9016 | D:11     | Noticed Harold
  9032 | D:11     | Found Daock's Food Shoppe.
  9059 | D:11     | Killed Harold
  9180 | D:11     | Gained mutation: You are frail (-10% HP). [potion of mutation]
  9180 | D:11     | Gained mutation: Your flesh is very heat resistant. [potion of mutation]
  9266 | D:11     | Noticed Josephine
  9279 | D:11     | Killed Josephine
  9287 | D:11     | Reached skill level 10 in Fighting
  9599 | D:11     | Noticed a tengu warrior
  9618 | D:11     | Killed a tengu warrior
  9710 | D:11     | Lost mutation: Your body sometimes deteriorates upon taking damage. [evolution]
  9710 | D:11     | Lost mutation: You evolve. [end of evolution]
 10043 | D:12     | Reached skill level 10 in Shields
 10043 | D:12     | Reached skill level 5 in Invocations
 10043 | D:12     | Gained mutation: You are significantly more attuned to the shadows. [demonic ancestry]
 10043 | D:12     | Reached XP level 12. HP: 88/88 MP: 14/16
 10117 | D:12     | Reached skill level 10 in Armour
 10514 | D:12     | Noticed Maurice
 10537 | D:12     | Reached XP level 13. HP: 93/93 MP: 17/17
 10708 | D:12     | Lost mutation: You are frail (-10% HP). [potion of mutation]
 10708 | D:12     | Lost mutation: Your muscles are strong. (Str +2) [potion of mutation]
 11218 | D:13     | Noticed Azrael
 11229 | D:13     | Killed Azrael
 11231 | D:13     | Noticed Kirke
 11301 | D:13     | Noticed Urug
 11307 | D:13     | HP: 1/105 [Urug/battleaxe (27)]
 11324 | D:13     | Killed Urug
 11730 | D:13     | Reached skill level 10 in Axes
 11792 | D:13     | Gained mutation: Your spells are a little easier to cast, but a little less powerful. [mutagenic meat]
 11852 | D:13     | Reached skill level 11 in Fighting
 12056 | D:13     | Noticed Maud
 12077 | D:13     | Killed Maud
 12501 | D:13     | Killed Kirke
 13644 | D:14     | Reached XP level 14. HP: 32/114 MP: 13/21
 13981 | D:14     | Lost mutation: Your spells are a little easier to cast, but a little less powerful. [potion of mutation]
 13981 | D:14     | Gained mutation: Scrolls take you a little longer to read. [potion of mutation]
 14125 | D:14     | Noticed Snorg
 14143 | D:14     | Killed Snorg
 14299 | D:14     | Cast into level 3 of the Abyss (an ogre mage)
 14300 | Abyss:3  | Noticed a tentacled starspawn
 14314 | Abyss:3  | Killed a tentacled starspawn
 14314 | Abyss:3  | Reached skill level 10 in Invocations
 14347 | Abyss:3  | Noticed an ironheart preserver
 14405 | Abyss:3  | Reached skill level 12 in Fighting
 14460 | Abyss:3  | HP: 2/115 [storm dragon simulacrum (29)]
 14465 | Abyss:3  | Slain by a storm dragon simulacrum

Skill      XL: |  1  2  3  4  5  6  7  8  9 10 11 12 13 14 |
---------------+-------------------------------------------+-----
Axes           | 2 3 4 5 6 8 9 10 | 10.9
Shields        | 3 4 5 6 7 8 10 11 | 11.5
Armour         | 3 4 5 7 8 9 10 11 | 11.2
Fighting       | 4 5 6 8 9 10 11 12 | 12.0
Invocations    | 5 6 9 10 | 10.2

Action                   |  1- 3 |  4- 6 |  7- 9 | 10-12 | 13-15 || total
-------------------------+-------+-------+-------+-------+-------++-------
Melee: War axe           |    77 |    58 |    55 |       |       ||   190
       Kick              |       |       |    71 |   185 |   211 ||   467
       Hand axe          |       |       |   208 |   508 |   593 ||  1309
       Unarmed           |       |       |       |       |     5 ||     5
Invok: Upheaval          |       |       |       |     3 |    20 ||    23
  Use: Scroll            |       |    11 |    11 |     9 |    11 ||    42
       Potion            |       |     3 |     1 |     5 |    12 ||    21
 Stab: Held in net/web   |       |       |       |     1 |       ||     1
       Distracted        |       |       |       |     1 |       ||     1
       Sleeping          |       |       |       |       |     1 ||     1
  Eat: Bread ration      |       |     1 |     1 |     1 |       ||     3
       Meat ration       |       |       |     1 |     2 |     1 ||     4
       Chunk             |       |       |     1 |       |     3 ||     4
       Fruit             |       |       |     1 |       |     1 ||     2
       Beef jerky        |       |       |       |     1 |       ||     1
       Pizza             |       |       |       |       |     2 ||     2
       Royal jelly       |       |       |       |       |     1 ||     1
Armor: Scale mail        |    36 |    32 |    52 |    60 |       ||   180
       Chain mail        |       |       |       |    10 |    29 ||    39
       Plate armour      |       |       |       |       |    84 ||    84
Dodge: Dodged            |    26 |    15 |    41 |    40 |    54 ||   176
       Deflected         |       |       |       |     2 |       ||     2
Block: Shield            |    38 |    28 |   121 |   316 |   362 ||   865
       Reflection        |       |       |     3 |    16 |    24 ||    43
       Other             |       |       |       |       |     9 ||     9
